 Dungeon Crawl Stone Soup version 0.31-a0-549-gf98fd537a9 (webtiles) character file.

Game seed: 4016987305624966316

140 Ethylacetat the Insei (level 5, -1/35 (36) HPs)
             Began as an Octopode Gladiator on Aug 16, 2023.
             Killed by nerve-wracking pain
             ... invoked by an orc priest
              (11 damage)
             ... on level 4 of the Dungeon.
             The game lasted 00:02:45 (2453 turns).

Ethylacetat the Insei (Octopode Gladiator)          Turns: 2453, Time: 00:02:45

HP:   -1/35 (36)    AC:  1    Str: 13    XL:     5   Next: 22%
MP:   5/5           EV: 14    Int: 11    God:
Gold: 224           SH:  0    Dex: 15    Spells: 4/4 levels left

rFire   . .          .
                       - Unarmed
rCold   . . .        (no shield)
rNeg    . . .        a - +0 hat
rPois   .            (no amulet)
rElec   .            (no ring)
rCorr   .            (no ring)
SInv    .            (no ring)
Will    .....        (no ring)
Stlth   ++           (no ring)
HPRegen 0.25/turn    (no ring)
MPRegen 0.09/turn    (no ring)
                     (no ring)

%: no passive effects
@: lightly drained
A: almost no armour, amphibious, 8 rings, camouflage 1, gelatinous body 1,
(nimble swimmer 1), tentacles
a: no special abilities


You were on level 4 of the Dungeon.
You visited 1 branch of the dungeon, and saw 4 of its levels.

You collected 224 gold pieces.

Inventory:

Missiles
 b - 3 throwing nets (quivered)
 c - a javelin
Armour
 a - a +0 hat (worn)
Talismans
 i - a serpent talisman
Wands
 n - a wand of flame (17)
Scrolls
 d - a scroll of teleportation {unknown}
 f - 2 scrolls of immolation {unknown}
 g - 5 scrolls of identify {unknown}
 h - 5 scrolls of poison {unknown}
 k - a scroll of fear {unknown}
 l - a scroll of enchant weapon {unknown}
Potions
 e - 2 potions of invisibility {unknown}
 j - a potion of degeneration {unknown}
 m - a potion of haste {unknown}
 o - a potion of curing {unknown}


   Skills:
 + Level 3.2 Fighting
 - Level 2.0 Throwing
 + Level 3.9 Dodging
 + Level 3.9 Unarmed Combat
 * Level 1.3 Shapeshifting


You had 4 spell levels left.
You didn't know any spells.
Your spell library contained the following spells:

 Spells                   Type           Power      Damage    Failure   Level
 Magic Dart               Conj           0%         1d3       34%         1
 Searing Ray              Conj           0%         2d4       47%         2
 Fulminant Prism          Conj/Hex       0%         3d5       98%         4


Dungeon Overview and Level Annotations

Branches:
Dungeon (4/15)
 Temple: D:4-7

Altars:
Ru
Xom

Shops:
D:3 !


Innate Abilities, Weirdness & Mutations

You cannot wear most types of armour.
You are amphibious.
You can wear up to eight rings at the same time.
Your skin changes colour to match your surroundings (Stealth+).
Your rubbery body absorbs attacks. (AC +1, EV +1)
((You are camouflaged when in or above water. (Stealth+)))
You have tentacles for arms and can constrict up to eight enemies at once.


Message History

Things that are here:
a +1 short sword of draining; a kobold corpse No target in view!
No target in view!
No target in view!
o - a fuming grey potion No target in view!
No target in view!
Found a stone staircase leading up.
No target in view!
An adder comes into view.
An orc comes into view. It is wielding a +0 flail.
There are monsters nearby!
An orc and an orc priest come into view.
Found a rapier and a cyan potion.
The orc shouts!
The orc priest shouts!
You hear a shout!
The adder hisses angrily.
The orc priest casts a cantrip, but nothing happens.
An orc priest comes into view. It is wielding a +0 falchion.
The adder bites you.
The orc moves out of view.
An orc comes into view. It is wielding a +0 dagger.
The orc shouts!
You tentacle-slap the adder. Your grab misses the adder.
The adder is lightly wounded.
The adder misses you.
The orc priest calls down the wrath of Beogh upon you.
Beogh smites you!
You tentacle-slap the adder. Your grab misses the adder.
Your tentacle-slap misses the adder.
The adder is heavily wounded.
The adder barely misses you.
The orc priest mumbles some strange prayers to Beogh against you.
Beogh smites you!
* * * LOW HITPOINT WARNING * * *
The orc throws a boomerang.
The boomerang completely misses you. The adder closely misses you.
Unknown command.
The orc priest invokes the aid of Beogh against you.
Pain shoots through your body!
You die... #.########## ###. ...........# o.. #.##.#.##.# oo#

#..........#######.#
#. #....#..........#
#..#.....#.#...@.##
#..#....##.#.###.#
#.....)....#<#
#.S...).#
#.##.#..##.#.#
#.##.....
#....<..>..#.. ..#
.... #######.####..
!.# ... #.# #.....#
#. #.# #.....# ...
....#


You could see an orc priest and an adder.

Vanquished Creatures
  Natasha (thrice) (D:2)
  An adder (D:2)
  A worm (D:3)
  A dart slug (D:1)
  3 orcs (D:2)
  3 endoplasms (D:3)
  3 giant cockroaches
  5 goblins
  3 hobgoblins
  3 jackals (D:2)
  6 kobolds
  A quokka (D:1)
  4 ball pythons
  6 bats
  3 frilled lizards (D:2)
  4 rats
50 creatures vanquished.

Notes
Turn   | Place    | Note
-------+----------+-------------------------------------------
     0 | D:1      | Ethylacetat the Octopode Gladiator began the quest for the
                  | Orb.
     0 | D:1      | Reached XP level 1. HP: 14/14 MP: 1/1
   284 | D:1      | Reached XP level 2. HP: 12/19 MP: 2/2
  1118 | D:2      | Reached XP level 3. HP: 18/25 MP: 3/3
  1170 | D:2      | Identified the +3 leather armour of the Other Side {rF+
                  | Dex+4}
  1285 | D:2      | Noticed Natasha
  1328 | D:2      | Killed Natasha
  1391 | D:2      | Noticed Natasha
  1398 | D:2      | Killed Natasha
  1399 | D:2      | Reached XP level 4. HP: 31/31 MP: 4/4
  1630 | D:2      | Noticed Natasha
  1636 | D:2      | Killed Natasha
  1637 | D:2      | Reached skill level 1 in Shapeshifting
  1637 | D:2      | Reached XP level 5. HP: 30/36 MP: 5/5
  1890 | D:3      | Found a shimmering altar of Xom.
  2162 | D:3      | Found Poenk's Distillery.
  2198 | D:3      | Found a sacrificial altar of Ru.
  2254 | D:3      | Found a faded altar of an unknown god.
  2453 | D:4      | Killed from afar by an orc priest

Illustrated notes

Levels and vault maps discovered:
D:1:      psy_arrival_radial01, layout_loops_ring
D:2:      layout_loops_cross, chequers_garden, dk_noncrumbling_3, uniq_natasha
D:3:      layout_rooms, mainiacjoe_overflow_surrounded_room, lemuel_round_altar,
          serial_shops, nicolae_shop_pleasant_corner_grove,
          ebering_ecumenical_altar_hall, minmay_liquid_box
D:4:      layout_loops_cross, nemelex_dance_club_becter,
          hangedman_decor_peaks_small, minmay_misc_feat_plants, uniq_duvessa

Skill      XL: |  1  2  3  4 |
---------------+-------------+-----
Fighting       | 3 |  3.2
Shapeshifting  | 1 |  1.3
Throwing       | |  2.0
Dodging        | |  3.9
Unarmed Combat | |  3.9

Action                     |  1- 3 |  4- 6 || total
---------------------------+-------+-------++-------
  Melee: Unarmed           |    59 |    49 ||   108
         Constrict         |    14 |    11 ||    25
         Tentacles         |     4 |    10 ||    14
         Punch             |       |     3 ||     3
   Stab: Sleeping          |     4 |     1 ||     5
 Armour: Skin              |     2 |     3 ||     5
  Dodge: Dodged            |    40 |    22 ||    62

Table legend: (Time is in decaauts)
 A = Elapsed time spent in this place.
 B = Non-inter-level travel time spent in this place.
 C = Inter-level travel time spent in this place.
 D = Time resting spent in this place.
 E = Time spent auto-exploring this place.
 F = Levels seen in this place.
 G = Mean time per level.
                   A        B        C        D        E       F      G
               +--------+--------+--------+--------+--------+-----+--------+
         Total |   2445 |   2355 |     90 |      0 |   1969 |   4 |  611.2 |
       Dungeon |   2445 |   2355 |     90 |      0 |   1969 |   4 |  611.2 |
               +--------+--------+--------+--------+--------+-----+--------+

Top non-repeatable levels by time:
     D:2: 959 daAuts
     D:1: 798 daAuts
     D:3: 653 daAuts
     D:4: 33 daAuts
